 Dungeon Crawl Stone Soup version 0.29.1-15-g9cfb28693d (webtiles) character file.

Game seed: 5514045409132928515

13979 dorian the Frost Mage (level 12, -13/88 HPs)
             Began as a Barachi Ice Elementalist on Apr 21, 2023.
             Was a High Priest of Cheibriados.
             Mangled by a dire elephant (16 damage)
             ... in a Gauntlet.
             The game lasted 00:48:59 (13418 turns).

dorian the Frost Mage (Barachi Ice Elementalist)   Turns: 13418, Time: 00:49:09

Health: -13/88     AC:  6    Str: 21    XL:     12   Next: 11%
Magic:  17/34      EV: 13    Int: 45    God:    Cheibriados [*****.]
Gold:   642        SH:  0    Dex: 24    Spells: 6/29 levels left

rFire   + . .      SeeInvis +   n - +8 great sword "Hocyopea" {freeze, Will- rCorr MP+9 Int+8}
rCold   . . .      Faith    .   (shield currently unavailable)
rNeg    . . .      Spirit   .   f - +1 robe {Will+}
rPois   +          Reflect  .   J - +1 hat
rElec   .          Harm     .   (no cloak)
rCorr   +          Rampage  .   c - +0 pair of gloves of the First Loafs {rPois SInv}
Will    .....      NoTele   +   B - +0 pair of boots
Stlth   ++........              t - amulet of magic regeneration
HPRegen 0.24/turn               A - ring of protection from fire
MPRegen 0.64/turn               G - +6 ring of intelligence

@: freezing walls, very slow
A: amphibious, slowness 1, strong legs 1, +LOS
a: Hop, Renounce Religion, Bend Time, Temporal Distortion, Slouch, Step From
Time


You were in a Gauntlet.
You worshipped Cheibriados.
Cheibriados was extremely pleased with you.
You visited 3 branches of the dungeon, and saw 13 of its levels.
You also visited: Gauntlet.

You collected 642 gold pieces.

Inventory:

Hand Weapons
 j - a +3 sling of venom
 m - a +4 scimitar of freezing
 n - the +8 great sword "Hocyopea" (weapon) {freeze, Will- rCorr MP+9 Int+8}
   (You found it on level 6 of the Dungeon)

   It freezes those it strikes, dealing additional cold damage.
   It can also slow down cold-blooded creatures.
   Int:       It affects your intelligence (+8).
   MP:        It affects your magic capacity (+9).
   rCorr:     It protects you from acid and corrosion.
   Will:      It decreases your willpower.
 q - a +2 dagger of flaming
 H - a +0 short sword of draining
 I - a -2 demon whip of venom
Armour
 c - the +0 pair of gloves of the First Loafs (worn) {rPois SInv}
   (You acquired it on level 4 of the Dungeon)

   rPois:     It protects you from poison.
   SInv:      It lets you see invisible.
 f - a +1 robe of willpower (worn)
 r - a +0 leather armour of cold resistance
 x - +0 acid dragon scales
 B - a +0 pair of boots (worn)
 J - a +1 hat (worn)
Magical Staves
 F - a staff of conjuration
Jewellery
 l - a ring of ice
 p - an amulet of reflection
 t - an amulet of magic regeneration (around neck)
 y - a ring of magical power
 A - a ring of protection from fire (left hand)
 G - a +6 ring of intelligence (right hand)
Wands
 h - a wand of roots (3)
 C - a wand of digging (5)
 D - a wand of flame (36)
Scrolls
 d - 4 scrolls of teleportation
 e - 4 scrolls of fear
 i - a scroll of vulnerability
 K - a scroll of butterflies
Potions
 a - 2 potions of brilliance
 b - a potion of magic
 g - a potion of invisibility {unknown}
 k - 3 potions of flight
 o - a potion of heal wounds
 s - 2 potions of berserk rage
 u - 2 potions of cancellation {unknown}
 v - 2 potions of lignification
 w - 8 potions of curing
 z - 3 potions of mutation
 E - a potion of ambrosia {unknown}


   Skills:
 + Level 6.0 Fighting
 + Level 4.1 Armour
 - Level 2.1 Dodging
 - Level 1.7 Stealth
 + Level 9.2 Spellcasting
 + Level 8.8 Conjurations
 * Level 14.5 Ice Magic
 + Level 8.1 Air Magic


You had 6 spell levels left.
You knew the following spells:

 Your Spells              Type           Power      Damage    Failure   Level
a - Freeze                Ice            100%       1d11      0%          1
b - Frozen Ramparts       Ice            100%       1d16      0%          3
c - Ozocubu's Armour      Ice            100%       N/A       0%          3
d - Hailstorm             Conj/Ice       90%        3d18      1%          4
e - Static Discharge      Conj/Air       77%        3-13/arc  1%          2
f - Freezing Cloud        Conj/Ice/Air   43%        6-21      1%          5
g - Lightning Bolt        Conj/Air       38%        1d57      1%          5

Your spell library contained the following spells:

 Spells                   Type           Power      Damage    Failure   Level
 Necrotise                Necr           80%        1d8       1%          1
 Slow                     Hex            80%        N/A       1%          1
 Blink                    Tloc           40%        N/A       1%          2
 Ensorcelled Hibernation  Hex/Ice        100%       N/A       1%          2
 Passwall                 Tmut/Erth      16%        N/A       1%          2
 Poisonous Vapours        Pois/Air       100%       N/A       1%          2
 Dazzling Flash           Conj/Hex       100%       N/A       1%          3
 Swiftness                Air            76%        N/A       1%          3
 Metabolic Englaciation   Hex/Ice        36%        N/A       1%          5
 Confusing Touch          Hex            20%        N/A       4%          3
 Portal Projectile        Hex/Tloc       40%        N/A       4%          3
 Tukima's Dance           Hex            20%        N/A       4%          3
 Vampiric Draining        Necr           20%        2d7       4%          3
 Corpse Rot               Necr/Pois/Air  45%        N/A       4%          4
 Silence                  Hex/Air        27%        N/A       7%          5
 Simulacrum               Ice/Necr       36%        N/A       11%         6
 Petrify                  Tmut/Erth      20%        N/A       14%         4
 Agony                    Necr           20%        N/A       36%         5
 Blade Hands              Tmut           10%        N/A       36%         5
 Manifold Assault         Tloc           20%        N/A       36%         5
 Statue Form              Tmut/Erth      13%        N/A       91%         6
 Storm Form               Tmut/Air       27%        N/A       91%         7
 Maxwell's Capacitive Co  Air            38%        ∞         97%         8
 Polar Vortex             Ice            50%        N/A       98%         9
 Borgnjor's Revivificati  Necr           10%        N/A       100%        8
 Necromutation            Tmut/Necr      10%        N/A       100%        8
 Death's Door             Necr           10%        N/A       100%        9


Dungeon Overview and Level Annotations

Branches:
Dungeon (9/15)             Temple (1/1) D:4            Lair (3/5) D:9
Gauntlet (1/1)
  Swamp: Lair:2-3    Shoals: Lair:2-3     Snake: Lair:2-3    Spider: Lair:2-3
    Orc: D:9-12

Altars:
Cheibriados
Dithmenos
Elyvilon
Fedhas
Gozag
Hepliaklqana
Kikubaaqudgha
Makhleb
Nemelex Xobeh
Qazlal
Ru
Sif Muna
Trog
Uskayaw
Vehumet
Wu Jian
Xom
Yredelemnul
Zin
The Shining One

Annotations:
D:5 2 transporters, Manslay's ghost, novice OpCj
D:7 1 runed translucent door, diceflayer's ghost, novice MiFi
D:9 3 runed translucent doors, Sapher's ghost, novice MeEE; enotiy's ghost, novice GrFi; kthxbai's ghost, novice OpTm Gauntlet 9 transporters, 14 runed translucent doors


Innate Abilities, Weirdness & Mutations

You are amphibious.
You cover ground slowly.
You can hop short distances.
You have an extended range of vision and can be seen from far away.


Message History

Aim: a dire elephant (freezing vapour, lightly wounded, 100% to hit)
That beam is likely to hit you.
Continue anyway?
Okay, then.
Unknown command.
Casting: Lightning Bolt (dangerous; 1% risk of failure)
Confirm with . or Enter, or press ? or * to list all spells.
Casting: Hailstorm (safe; 1% risk of failure)
Press: ? - help, Dir - look around, f - activate A cannonade of hail descends around you!
The hail pelts the elephant!!
The elephant is moderately wounded.
The hail pelts the dire elephant!
The dire elephant is lightly wounded.
The elephant barely misses you. The elephant misses you.
The dire elephant is engulfed in freezing vapours.
The wall freezes the elephant!
Casting: Hailstorm (safe; 1% risk of failure)
Confirm with . or Enter, or press ? or * to list all spells.
Casting: Hailstorm (safe; 1% risk of failure)
Press: ? - help, Dir - look around, f - activate A cannonade of hail descends around you!
The hail pelts the elephant!!
The elephant is severely wounded.
The wall freezes the dire elephant.
The dire elephant tramples you!!
* * * LOW HITPOINT WARNING * * *
You hold your ground!
The dire elephant trunk-slaps you!
* * * LOW HITPOINT WARNING * * *
The wall freezes the elephant.
The shadow imp sputters.
The elephant tramples you.
* * * LOW HITPOINT WARNING * * *
You hold your ground!
The elephant misses you.
As you read the scroll of fear, it crumbles to dust.
You assume a fearsome visage.
The dire elephant looks frightened!
The elephant looks frightened! x2
The dire elephant is engulfed in freezing vapours.
The wall freezes the dire elephant!
Your attack snaps the dire elephant out of its fear.
The dire elephant tramples you!
You die...

.#..#.#.#..### ### ##
#^##..#.#..#8# #8# 8#
......#.#..###############
#######.#..............#8#
#§≈8≈≈#.#..............####
#######.#############....≈##
.......©...........©#.....#8
#########################.##
#.#5≈...≈≈52#.#.@Y......#.#
#.#.≈..≈..≈5#.#YY§###^..#.#
#.#.≈≈.≈≈.≈.#.#§§..#....#.#8
#.#..≈...≈.≈#.#§#§©#..#.#.##
#.#≈≈.≈©≈..≈#.#§#######.#.#
#.#.≈.≈≈≈.≈.#.#§#..# #.#.#
#.#..≈...≈≈.#.#.^Y.# .Y#.#
...≈.#.#.^.#.#
©[≈..#.#...)©[).


You could see a dire elephant, a reaper, 3 elephants and 2 shadow imps.

Vanquished Creatures
  Gastronok (Lair:1)
  3 death yaks (D:9)
  Sonja (Lair:1)
  Amaemon (Lair:1)
  2 lindwurms (Lair:1)
  An oklob plant (Gauntlet)
  A black mamba (Lair:1)
  A cane toad (Lair:1)
  An orange demon (Lair:1)
  A polar bear (Lair:1)
  A raiju (Gauntlet)
  2 wraiths
  17 yaks
  2 steam dragons (Gauntlet)
  2 acid dragons
  3 water moccasins
  Duvessa (D:7)
  3 black bears
  3 ogres
  4 ice beasts
  3 kobold brigands
  Blork the orc (D:5)
  8 bullfrogs
  A necrophage (D:7)
  2 scorpions (D:7)
  9 wights
  Dowan (D:7)
  5 killer bees (D:9)
  3 howler monkeys (D:7)
  7 orc priests
  3 hounds
  6 jellies
  Jessica (D:2)
  A gnoll bouda (D:9)
  Natasha (twice) (D:2)
  3 iguanas
  11 orc wizards
  2 hell rats (D:9)
  9 gnolls
  8 adders
  A shadow imp (D:6)
  A white imp (D:7)
  An ufetubus (D:6)
  2 worms
  A dart slug (D:1)
  26 orcs
  6 bats
  9 endoplasms
  4 giant cockroaches
  10 goblins
  7 hobgoblins
  10 jackals
  7 quokkas
  9 ball pythons
  4 frilled lizards
  17 kobolds
  2 rats
  A butterfly (D:4)
255 creatures vanquished.

Vanquished Creatures (others)
  A demonic plant (Gauntlet)
  5 fungi
  7 plants (Lair:1)
13 creatures vanquished.

Grand Total: 268 creatures vanquished

Notes
Turn   | Place    | Note
-------+----------+-------------------------------------------
     0 | D:1      | dorian the Barachi Ice Elementalist began the quest for the
                  | Orb.
     0 | D:1      | Reached XP level 1. HP: 13/13 MP: 3/3
   103 | D:1      | Reached skill level 5 in Ice Magic
   347 | D:1      | Reached XP level 2. HP: 7/19 MP: 1/5
   679 | D:1      | Reached XP level 3. HP: 22/24 MP: 4/7
   731 | D:1      | Learned a level 3 spell: Frozen Ramparts
  1785 | D:2      | Reached XP level 4. HP: 30/30 MP: 6/9
  1975 | D:2      | Noticed Jessica
  1989 | D:2      | Learned a level 3 spell: Ozocubu's Armour
  2010 | D:2      | Killed Jessica
  2011 | D:2      | Reached skill level 6 in Ice Magic
  2106 | D:2      | Noticed Natasha
  2116 | D:2      | Killed Natasha
  2117 | D:2      | Reached XP level 5. HP: 24/35 MP: 1/11
  2400 | D:2      | Noticed Natasha
  2500 | D:2      | Found a faded altar of an unknown god.
  2601 | D:2      | Reached skill level 1 in Fighting
  2833 | D:2      | Killed Natasha
  2968 | D:3      | Identified the +0 leather armour of the Unbroken {Contam
                  | +Inv rPois}
  3639 | D:4      | Reached skill level 1 in Conjurations
  3639 | D:4      | Reached XP level 6. HP: 37/44 MP: 7/12
  4013 | D:4      | Learned a level 4 spell: Hailstorm
  4398 | D:4      | Noticed a black bear
  4566 | D:4      | Killed a black bear
  4567 | D:4      | Reached skill level 7 in Ice Magic
  4567 | D:4      | Reached XP level 7. HP: 32/51 MP: 6/14
  4837 | D:4      | Found a staircase to the Ecumenical Temple.
  4857 | Temple   | Entered the Ecumenical Temple
  4870 | Temple   | Became a worshipper of Cheibriados the Contemplative
  4884 | D:4      | Identified a scroll of acquirement
  4884 | D:4      | Acquired the +0 pair of gloves of the First Loafs {rPois
                  | SInv}
  4919 | D:5      | Entered Level 5 of the Dungeon
  4929 | D:5      | Reached skill level 5 in Spellcasting
  4962 | D:5      | Noticed Blork the orc
  4970 | D:5      | Killed Blork the orc
  5426 | D:6      | Identified the +8 great sword "Hocyopea" {freeze, Will-
                  | rCorr MP+9 Int+8}
  5548 | D:5      | Reached skill level 8 in Ice Magic
  5551 | D:5      | Learned a level 2 spell: Static Discharge
  5670 | D:5      | Reached XP level 8. HP: 43/60 MP: 11/16
  5708 | D:5      | Reached * piety under Cheibriados
  5815 | D:5      | Found a transporter.
  5815 | D:5      | Noticed Manslay's ghost (novice OpCj)
  5816 | D:5      | Noticed a troll
  5853 | D:5      | Reached skill level 1 in Air Magic
  5978 | D:5      | Found a transporter.
  6436 | D:6      | Reached skill level 9 in Ice Magic
  6588 | D:6      | Reached ** piety under Cheibriados
  6648 | D:6      | Reached XP level 9. HP: 35/65 MP: 7/18
  6966 | D:6      | Learned a level 5 spell: Freezing Cloud
  7672 | D:7      | Reached skill level 5 in Conjurations
  7672 | D:7      | Reached skill level 10 in Ice Magic
  7987 | D:7      | Found a runed translucent door.
  7988 | D:7      | Noticed diceflayer's ghost (novice MiFi)
  8513 | D:7      | Found a burning altar of Makhleb.
  8825 | D:7      | Reached *** piety under Cheibriados
  8848 | D:7      | Reached skill level 11 in Ice Magic
  8896 | D:7      | Reached skill level 5 in Air Magic
  8924 | D:7      | Reached XP level 10. HP: 62/71 MP: 20/20
  9019 | D:7      | Noticed Dowan
  9173 | D:7      | Noticed Duvessa
  9182 | D:7      | Killed Duvessa
  9188 | D:7      | Killed Dowan
  9928 | D:8      | Found a radiant altar of Vehumet.
  9940 | D:8      | Found an ornate altar of the Wu Jian Council.
  9940 | D:8      | Found a glowing golden altar of the Shining One.
  9944 | D:8      | Found a sparkling altar of Nemelex Xobeh.
 10222 | D:9      | Found a runed translucent gate.
 10224 | D:9      | Found a runed translucent gate.
 10225 | D:9      | Found a runed translucent gate.
 10229 | D:9      | Noticed a death yak
 10424 | D:9      | Noticed a death yak
 10425 | D:9      | Noticed a death yak
 10431 | D:9      | Killed a death yak
 10432 | D:9      | Reached skill level 12 in Ice Magic
 10435 | D:9      | Killed a death yak
 10438 | D:9      | Killed a death yak
 10439 | D:9      | Reached skill level 13 in Ice Magic
 10439 | D:9      | Reached XP level 11. HP: 77/77 MP: 11/23
 10490 | D:9      | Found a staircase to the Lair.
 10541 | D:9      | Reached **** piety under Cheibriados
 10719 | D:8      | Learned a level 5 spell: Lightning Bolt
 11082 | D:9      | Noticed kthxbai's ghost (novice OpTm)
 11083 | D:9      | Noticed Sapher's ghost (novice MeEE)
 11083 | D:9      | Noticed enotiy's ghost (novice GrFi)
 11402 | Lair:1   | Entered Level 1 of the Lair of Beasts
 11604 | Lair:1   | Reached skill level 1 in Armour
 11777 | Lair:1   | Noticed Sonja
 11783 | Lair:1   | Killed Sonja
 11833 | Lair:1   | Noticed Amaemon
 11839 | Lair:1   | Reached ***** piety under Cheibriados
 11998 | Lair:1   | Killed Amaemon
 11999 | Lair:1   | Reached skill level 5 in Fighting
 12149 | Lair:1   | Noticed Gastronok
 12150 | Lair:1   | Noticed a lindwurm
 12156 | Lair:1   | Reached skill level 14 in Ice Magic
 12162 | Lair:1   | Killed a lindwurm
 12464 | Lair:1   | Killed Gastronok
 12612 | Lair:1   | Noticed a lindwurm
 12631 | Lair:1   | Killed a lindwurm
 12632 | Lair:1   | Reached XP level 12. HP: 87/87 MP: 25/25
 13014 | Lair:2   | You fall into a shaft and drop 1 floor!
 13031 | Lair:2   | Found a gate leading to a gauntlet.
 13043 | Gauntlet | Entered a Gauntlet
 13043 | Gauntlet | Found a transporter.
 13061 | Gauntlet | Found a transporter.
 13066 | Gauntlet | Found a transporter.
 13071 | Gauntlet | Found a transporter.
 13109 | Gauntlet | Found a transporter.
 13109 | Gauntlet | Found a transporter.
 13109 | Gauntlet | Found a transporter.
 13123 | Gauntlet | Found a transporter.
 13201 | Gauntlet | Found a transporter.
 13204 | Gauntlet | Found a large runed translucent door.
 13204 | Gauntlet | Found a large runed translucent door.
 13205 | Gauntlet | Found a large runed translucent door.
 13205 | Gauntlet | Found a large runed translucent door.
 13206 | Gauntlet | Found a large runed translucent door.
 13206 | Gauntlet | Found a large runed translucent door.
 13206 | Gauntlet | Found a runed translucent door.
 13206 | Gauntlet | Found a runed translucent door.
 13206 | Gauntlet | Found a large runed translucent door.
 13206 | Gauntlet | Found a large runed translucent door.
 13221 | Gauntlet | Found a large runed translucent door.
 13221 | Gauntlet | Found a large runed translucent door.
 13221 | Gauntlet | Found a large runed translucent door.
 13221 | Gauntlet | Found a large runed translucent door.
 13249 | Gauntlet | Found a transporter.
 13251 | Gauntlet | Found a transporter.
 13251 | Gauntlet | Noticed a reaper
 13300 | Gauntlet | Noticed a wretched star
 13363 | Gauntlet | Found a transporter.
 13369 | Gauntlet | Noticed a dire elephant
 13412 | Gauntlet | Found a transporter.
 13412 | Gauntlet | Found a transporter.
 13417 | Gauntlet | HP: 4/88 [dire elephant (9)]
 13418 | Gauntlet | Mangled by a dire elephant

Illustrated notes

Levels and vault maps discovered:
D:1:      matt_arrival_refuge, layout_basic, grunt_decor_mini_mirrors
D:2:      layout_basic, shapermc_ecumenical_altar_ellora, serial_glass,
          glass_columns_c, glass_columns_b, feat_on_display, item_on_display_a,
          feat_on_display, uniq_jessica, uniq_natasha
D:3:      layout_basic, serial_rivers, chequers_serial_rivers_micro_e,
          chequers_serial_rivers_large_a, chequers_serial_rivers_room_a,
          chequers_serial_rivers_room_a
D:4:      layout_loops_cross, minmay_temple_entry_butterflies,
          minmay_small_thing
D:5:      layout_rooms, gammafunk_ghost_arena, grunt_ministairs_15,
          minmay_liquid_box, uniq_blork_the_orc
D:6:      layout_rooms
D:7:      minmay_s_stair_smasher, layout_basic, ebering_ghost_reflecting_pool,
          david_defended_altar_orc, uniq_duvessa
D:8:      layout_basic, minitemple, blue_anna_alchemist
D:9:      layout_cave_pools, dpeg_lair_monsters, gammafunk_ghost_cemetery
Temple:   nicolae_temple_two_arcs
Lair:1:   layout_regular_city, nicolae_lair_lindhole, grunt_megastairs_5,
          serial_bayou_shore_a, uniq_amaemon, uniq_gastronok, uniq_sonja
Lair:2:   layout_layer_cave, minmay_snake_entry_guardpost_small,
          gauntlet_entry_generic
Lair:3:   layout_chaotic_city, elwin_shoals_entry_rocks, fungi_pond_lemuel,
          nicolae_quartered_pool_little, beast_lair_carwin_7, uniq_rupert
Gauntlet: gammafunk_gauntlet_one_two_three [gammafunk_gauntlet_arena_teeth,
          gammafunk_gauntlet_arena_spirals, nicolae_gauntlet_arena_quarters,
          gammafunk_gauntlet_arena_split_diamond, nicolae_gauntlet_swirl,
          minmay_gauntlet_arena_make_your_own_arena,
          gammafunk_gauntlet_arena_mazey, nicolae_gauntlet_arena_flowing_pool,
          nicolae_gauntlet_arena_t_cross,
          nicolae_gauntlet_exit_dead_adventurers]

Skill      XL: |  1  2  3  4  5  6  7  8  9 10 11 12 |
---------------+-------------------------------------+-----
Ice Magic      | 5 6 7 8 9 11 13 14 | 14.5
Spellcasting   | 3 4 5 6 7 8 9 |  9.2
Fighting       | 2 4 5 6 |  6.0
Conjurations   | 1 2 3 4 6 7 8 |  8.8
Air Magic      | 3 5 6 7 8 |  8.1
Armour         | 3 4 |  4.1
Dodging        | |  2.1
Stealth        | |  1.7

Action                   |  1- 3 |  4- 6 |  7- 9 | 10-12 || total
-------------------------+-------+-------+-------+-------++-------
Melee: Unarmed           |    14 |       |       |       ||    14
       Dagger            |     5 |    21 |    15 |       ||    41
       Great sword       |       |       |     3 |     5 ||     8
 Cast: Freeze            |    51 |    74 |    72 |    46 ||   243
       Ozocubu's Armour  |       |     2 |     6 |       ||     8
       Frozen Ramparts   |       |     4 |    24 |    15 ||    43
       Static Discharge  |       |       |    30 |     7 ||    37
       Hailstorm         |       |       |     7 |    15 ||    22
       Freezing Cloud    |       |       |     5 |    28 ||    33
       Lightning Bolt    |       |       |       |     3 ||     3
 Abil: Hop               |     2 |       |     4 |     3 ||     9
  Use: Scroll            |       |       |    13 |     7 ||    20
       Potion            |       |       |     1 |     4 ||     5
 Stab: Sleeping          |       |     2 |       |       ||     2
Armor: Robe              |    19 |    10 |    28 |    34 ||    91
Dodge: Dodged            |    49 |    31 |    68 |    57 ||   205
